 Dungeon Crawl Stone Soup version 0.29.0-13-gc9e81de378 (webtiles) character file.

Game seed: 16960178610409887555

225 apoch the Chopper (level 5, -2/45 HPs)
             Began as a Minotaur Fighter on Sept 10, 2022.
             Slain by Grinder (6 damage)
             ... on level 3 of the Dungeon.
             The game lasted 00:02:00 (1640 turns).

apoch the Chopper (Minotaur Fighter)                Turns: 1640, Time: 00:02:01

Health: -2/45      AC:  9    Str: 22    XL:     5   Next: 68%
Magic:  4/4        EV:  7    Int:  5    God:
Gold:   100        SH:  4    Dex: 10    Spells: 4/4 levels left

rFire   . . .      SeeInvis +   a - +0 war axe
rCold   . . .      Faith    .   c - +0 buckler
rNeg    . . .      Spirit   .   k - +0 chain mail
rPois   .          Reflect  .   (helmet restricted)
rElec   .          Harm     .   (no cloak)
rCorr   .          Rampage  .   (no gloves)
Will    .....                   (no boots)
Stlth   ..........              (no amulet)
HPRegen 0.15/turn               j - ring of see invisible
MPRegen 0.09/turn               (no ring)

@: invisible
A: horns 2, retaliatory headbutt
a: no special abilities


You were on level 3 of the Dungeon.
You visited 1 branch of the dungeon, and saw 3 of its levels.

You collected 100 gold pieces.

Inventory:

Hand Weapons
 a - a +0 war axe (weapon)
Missiles
 e - 5 silver boomerangs
 h - 2 boomerangs
Armour
 b - a +0 scale mail
 c - a +0 buckler (worn)
 k - a +0 chain mail (worn)
Jewellery
 j - a ring of see invisible (left hand)
Scrolls
 f - 2 scrolls of teleportation {unknown}
 g - 3 scrolls of identify {unknown}
 l - 2 scrolls of blinking {unknown}
Potions
 d - a potion of haste {unknown}
 i - a potion of invisibility


   Skills:
 - Level 3.6 Fighting
 + Level 7.3 Axes
 - Level 3.6 Armour
 - Level 3.6 Shields


You had 4 spell levels left.
You didn't know any spells.
Your spell library was empty.

Dungeon Overview and Level Annotations

Branches:
Dungeon (3/15)

Altars:

Annotations:
D:3 Grinder


Innate Abilities, Weirdness & Mutations

You have a pair of horns on your head.
You reflexively headbutt those who attack you in melee.


Message History

Grinder blinks!
Grinder gestures at you.
You suddenly lose the ability to move!
Grinder blinks!
Grinder grins, showing sharp teeth.
Grinder blinks!
You can move again.
Unknown command.
Okay, then.
Grinder rolls her eyes.
Grinder hits you!
You writhe in agony.
You hit Grinder but do no damage. You headbutt Grinder, but do no damage.
Grinder gestures at you.
You suddenly lose the ability to move!
Grinder gestures at you.
You shrug off the repeated paralysis!
Grinder hits you.
You writhe in agony.
You can move again.
You slash Grinder! Your headbutt misses Grinder.
Grinder is moderately wounded.
Grinder hits you but does no damage.
You slash Grinder! Your headbutt misses Grinder.
Grinder is severely wounded.
Grinder gestures at you. Pain shoots through your body!
Grinder blinks!
Grinder gestures at you. Pain shoots through your body!
* * * LOW HITPOINT WARNING * * *
Grinder gestures at you. Pain shoots through your body!
* * * LOW HITPOINT WARNING * * *
Unknown command.
It was a potion of invisibility.
You fade into invisibility!
You closely miss Grinder.
Grinder is heavily wounded.
Grinder hits you.
* * * LOW HITPOINT WARNING * * *
You writhe in agony.
You die...

......#.##.......#.##
#.....#.#..........##
.....#!#..#....)....
#...##.#..#...#..###
#...##.†.....##..#
#...#............# #
.#####...#.##.##..###.# #
.........>....##......###
........@5....##.###.....
.........!....##.# #.####
.#####...#.#####.###.# #
#...#... ..#...# #
#...##### ###.### #...#
#.# #...# #.# ##.## #.#
#.# #.#


You could see Grinder (unable to see you).

Vanquished Creatures
  Sigmund (D:2)
  2 adders (D:2)
  2 dart slugs (D:2)
  3 bats
  4 endoplasms
  A giant cockroach (D:3)
  4 goblins
  3 hobgoblins
  3 quokkas
  5 ball pythons (D:1)
  A frilled lizard (D:1)
  A kobold (D:1)
  3 rats
33 creatures vanquished.

Notes
Turn   | Place    | Note
-------+----------+-------------------------------------------
     0 | D:1      | apoch the Minotaur Fighter began the quest for the Orb.
     0 | D:1      | Reached XP level 1. HP: 19/19 MP: 0/0
   202 | D:1      | Reached skill level 3 in Axes
   227 | D:1      | Found a faded altar of an unknown god.
   411 | D:1      | Reached XP level 2. HP: 26/26 MP: 1/1
   773 | D:2      | Reached skill level 4 in Axes
   787 | D:2      | Reached XP level 3. HP: 31/31 MP: 2/2
   817 | D:2      | Noticed Sigmund
   826 | D:2      | Killed Sigmund
   827 | D:2      | Reached skill level 7 in Axes
   827 | D:2      | Reached XP level 4. HP: 37/39 MP: 3/3
   827 | D:2      | Reached XP level 5. HP: 43/45 MP: 4/4
  1615 | D:3      | Noticed Grinder
  1615 | D:3      | Paralysed by Grinder for 5 turns
  1622 | D:3      | Paralysed by Grinder for 5 turns
  1629 | D:3      | Paralysed by Grinder for 3 turns
  1640 | D:3      | Slain by Grinder

Illustrated notes

Levels and vault maps discovered:
D:1:      dpeg_arrival_central, layout_basic, chequers_ecumenical_altar_simple
D:2:      layout_loops_ring, uniq_sigmund
D:3:      layout_loops_cross, mainiacjoe_overflow_six_doors_small,
          amcnicky_altar_gilded, serial_shops, shop_coins, uniq_grinder,
          uniq_ijyb

Skill      XL: |  1  2  3 |
---------------+----------+-----
Axes           | 3 4 7 |  7.3
Fighting       | |  3.6
Armour         | |  3.6
Shields        | |  3.6

Action                   |  1- 3 |  4- 6 || total
-------------------------+-------+-------++-------
Melee: War axe           |    33 |    25 ||    58
       Headbutt          |     2 |     5 ||     7
  Use: Potion            |     1 |     1 ||     2
Armor: Scale mail        |     3 |       ||     3
       Chain mail        |     3 |     8 ||    11
Dodge: Dodged            |    16 |     2 ||    18
Block: Buckler           |     4 |     3 ||     7
